AoeStats
← Didi

Oasis

510167096Analyzed
4v4 RM · 3d ago on Sep 29, 2026· 26m 19s· 8 players
Game mode
Random Map
Map size
Large (8 player)
Population
200
Speed
Normal
Resources
Standard
Victory
Conquest
Starting age
Dark Age
Ending age
Imperial Age
RankedLock teamsTeams togetherTeam positionsShared explorationLock speedFull tech treeHidden civsTurbo modeCheats
Victory
Defeat
🇮🇹 Ethiopians · Italy
1692
+12
🇮🇹 Saracens · Italy
1662
+13
🇮🇹 Britons · Italy
1625
+14
🇮🇹 Persians · Italy
1571
+16
🇦🇷 Ethiopians · Argentina
1617
-15
🇨🇳 Franks · China
1590
-14
🇨🇳 Varangians · China
1573
-13
🇦🇷 Bulgarians · Argentina
1570
-13
Long-Long-Way
9:50 Feudal Age
10:08 Loom
10:18 Double-Bit Axe
14:20 Scale Barding Armor
14:50 Forging
21:28 Castle Age
22:53 Chain Barding Armor
22:35 Husbandry
23:39 Gold Mining
26:34 Wheelbarrow
Alexis
6:56 Loom
9:46 Feudal Age
10:58 Double-Bit Axe
10:54 Horse Collar
16:41 Scale Barding Armor
18:47 Fletching
22:16 Castle Age
超级硬邦邦
5:30 Loom
6:04 Loom
8:55 Feudal Age
9:37 Double-Bit Axe
11:04 Bloodlines
13:33 Horse Collar
17:34 Forging
19:05 Scale Barding Armor
23:44 Castle Age
23:19 Wheelbarrow
22:30 Town Watch
22:40 Gold Mining
22:41 Stone Mining
24:52 Husbandry
24:13 Light Cavalry
26:00 Iron Casting
25:46 Chain Barding Armor
Didi
3:26 Loom
9:15 Feudal Age
10:10 Double-Bit Axe
12:44 Fletching
23:28 Scale Mail Armor
24:07 Wheelbarrow
26:25 Castle Age
25:52 Gold Mining
25:45 Horse Collar
GdR_Kingofn00b5
6:10 Loom
8:31 Feudal Age
10:03 Double-Bit Axe
11:59 Fletching
14:30 Horse Collar
21:14 Castle Age
19:42 Gold Mining
21:20 Crossbowman
22:29 Bodkin Arrow
23:02 Bow Saw
25:33 Padded Archer Armor
26:36 Wheelbarrow
27:12 Ballistics
GdR_Polemos
9:17 Feudal Age
9:18 Loom
9:50 Double-Bit Axe
10:09 Horse Collar
16:34 Castle Age
17:00 Bloodlines
17:18 Husbandry
17:38 Scale Barding Armor
20:25 Bow Saw
20:44 Husbandry
20:50 Town Watch
22:05 Wheelbarrow
23:14 Forging
GdR_Matteo
5:11 Loom
6:26 Loom
8:45 Feudal Age
15:21 Fletching
Vitello Padano
4:59 Loom
8:34 Feudal Age
9:06 Double-Bit Axe
15:53 Wheelbarrow
19:16 Castle Age
17:46 Scale Barding Armor
18:02 Gold Mining
18:24 Bloodlines
18:49 Forging
18:55 Horse Collar
19:45 Husbandry
22:30 Bow Saw
24:35 Gold Shaft Mining
25:53 Chain Barding Armor
Connection lost

Rejoining the realm…

Still unreachable

The connection could not be restored.

Session expired

The server has moved on; the page needs a fresh start.